Map: Backwater LE

Players

LILZergling

  • Race: Terran Terran
  • League: Diamond
  • Spawn Location: 5:00

Adapt - Winner!

  • Race: Zerg Zerg
  • League: Diamond
  • Spawn Location: 11:00

VOD

Have the link to the VOD?

Description

super fast mutas.... still ironing out the build order

Time

  • Played on: Feb. 8, 2018, 8:30 p.m.
  • Length: 6:41
Show
View Real Time Build Order
Export as new Build Order

LILZergling Terran 

Build Orders: Hellion Opening 

Get SALT Encoding   

  12  0:01  SCV  
  13  0:13  SCV  
  14  0:21  Supply Depot  
  14  0:25  SCV  
  15  0:31  Refinery  
  15  0:43  SCV  
  15  0:47  Barracks  
  16  0:55  SCV  
  17  1:07  SCV  
  18  1:19  SCV  
  20  1:34  Reaper  
  20  1:38  Orbital Command  
  20  1:53  Command Center  
  20  2:00  Factory  
  20  2:07  Supply Depot  
  20  2:10  Barracks Reactor  
  20  2:13  SCV  
  21  2:21  Refinery  
  21  2:26  SCV  
  22  2:39  Ghost Academy  
  22  2:40  SCV  
  23  3:00  SCV  
  24  3:09  Hellion x2  
  24  3:11  Barracks Tech Lab  
  24  3:12  SCV  
  29  3:25  Orbital Command  
  29  3:31  Ghost, Hellion x2  
  35  3:36  SCV  
  36  3:42  Supply Depot  
  36  3:48  SCV  
  37  3:52  Hellion  
  37  3:55  Hellion  
  41  3:59  SCV  
  41  4:00  SCV  
  43  4:07  Armory  
  43  4:14  Ghost  
  43  4:16  SCV  
  46  4:19  SCV  
  47  4:24  Supply Depot  
  47  4:33  Hellion  
  47  4:36  Hellion  
  47  4:38  SCV  
  52  4:39  SCV  
  53  4:45  Ghost  
  55  4:53  SCV x2  
  55  4:58  Supply Depot  
  57  5:05  SCV  
  58  5:12  SCV  
  59  5:15  Command Center, Supply Depot  
  59  5:17  SCV  
  49  5:38  Widow Mine x2  
  49  5:41  Engineering Bay  
  43  5:43  SCV x2  
  45  5:55  SCV  
  44  5:59  Cyclone  
  44  6:00  Cyclone  
  50  6:09  SCV x2  
Show
View Real Time Build Order
Export as new Build Order

Adapt Zerg - Winner!

Build Orders: Hatch First 

Get SALT Encoding   

  12  0:01  Drone  
  13  0:12  Overlord  
  13  0:17  Drone  
  14  0:30  Drone x2  
  14  0:34  Drone  
  17  0:53  Hatchery  
  17  0:56  Drone  
  17  1:00  Drone  
  17  1:02  Extractor  
  17  1:16  Spawning Pool  
  16  1:19  Drone  
  16  1:25  Drone  
  18  1:28  Drone  
  19  1:39  Overlord  
  19  2:04  Lair  
  19  2:05  Zergling x2  
  19  2:06  Zergling x4  
  19  2:07  Queen  
  24  2:17  Extractor, Drone  
  24  2:19  Drone  
  24  2:22  Drone  
  26  2:27  Drone  
  27  2:34  Drone  
  28  2:39  Drone  
  28  2:43  Queen  
  30  3:03  Drone  
  30  3:04  Drone x3  
  34  3:05  Spire  
  34  3:07  Extractor  
  34  3:09  Extractor  
  31  3:13  Drone  
  31  3:14  Drone  
  31  3:17  Drone  
  34  3:28  Queen  
  34  3:32  Overlord  
  36  3:41  Metabolic Boost  
  36  3:52  Drone x4  
  36  3:53  Drone  
  41  3:56  Drone  
  41  4:00  Drone  
  43  4:04  Drone  
  43  4:09  Overlord  
  44  4:15  Overlord  
  44  4:34  Mutalisk x4  
  44  4:37  Mutalisk  
  54  4:42  Mutalisk  
  56  4:47  Drone x2  
  56  4:51  Mutalisk  
  60  5:03  Spine Crawler  
  59  5:11  Overlord x2  
  59  5:40  Mutalisk x7  
  69  5:44  Drone x4  
  69  5:45  Drone  
  74  5:56  Overlord  
  74  6:09  Baneling Nest  
Tags
 
Add a new tag
Caveats
  • Supply blocks, unpowered buildings, or Contaminate may cause inaccurate times.
  • Supply counts are checked every 10 seconds.